 Dungeon Crawl Stone Soup version 0.16.1-17-g773cdaf (webtiles) character file.

210 jacksonaction the Insei (level 5, -1/33 HPs)
             Began as an Octopode Transmuter on Apr 21, 2015.
             Slain by VortexMagus' ghost (2 damage)
             ... on level 3 of the Dungeon.
             The game lasted 00:19:07 (3909 turns).

jacksonaction the Insei (Octopode Transmuter)       Turns: 3909, Time: 00:19:07

Health: -1/33      AC:  1    Str: 10    XL:     5   Next: 88%
Magic:  8/9        EV: 11    Int: 16    God:
Gold:   118        SH:  0    Dex: 12    Spells: 3 memorised, 0 levels left

rFire  . . .     SeeInvis .       - Unarmed
rCold  . . .     Clarity  .     (no shield)
rNeg   . . .     SustAb   .     (helmet restricted)
rPois  .         Gourm    .     (no amulet)
rElec  .         Spirit   .     (no ring)
rCorr  .         Warding  .     (no ring)
rMut   .         Stasis   .     (no ring)
MR     .....                    (no ring)
Stlth  +.........               (no ring)
                                (no ring)
                                (no ring)
                                (no ring)

@: glowing, very heavily drained, not resistant to hostile enchantments, very
unstealthy
A: almost no armour, amphibious, 8 rings, constrict 8, camouflage 1, gelatinous
body 1
a: no special abilities


You were on level 3 of the Dungeon.
You were not hungry.

You visited 1 branch of the dungeon, and saw 3 of its levels.

You collected 118 gold pieces.

Inventory:

Hand weapons
 e - a cursed -3 dagger
Missiles
 b - 12 arrows
 f - 87 stones (quivered)
 p - 5 javelins
 s - 21 poisoned needles
 t - 5 tomahawks
Jewellery
 u - a +5 ring of dexterity {unknown}
Scrolls
 c - 2 scrolls of noise {unknown}
 i - 3 scrolls of identify {unknown}
 l - a scroll of remove curse {unknown}
 m - a scroll of teleportation {unknown}
 n - 2 scrolls of magic mapping {unknown}
 o - a scroll of random uselessness {unknown}
Potions
 g - 3 potions of curing {unknown}
 h - a potion of brilliance {unknown}
 j - a potion of magic {unknown}
 r - 2 potions of flight {unknown}
Books
 d - a book of Changes

   Spells                             Type                      Level
   a - Beastly Appendage              Transmutation                1
   b - Sticks to Snakes               Transmutation                2
   c - Spider Form                    Transmutation/Poison         3
   d - Ice Form                       Ice/Transmutation            4
   e - Blade Hands                    Transmutation                5
 v - a Grand Grimoire {highlevel, unknown}

   This book is beyond your current level of understanding.

   Spells                             Type                      Level
   a - Aura of Abjuration             Summoning                    6
   b - Summon Greater Demon           Summoning                    7
   c - Malign Gateway                 Summoning/Translocation      7
   d - Summon Horrible Things         Summoning                    8
Comestibles
 a - 3 bread rations
 k - a meat ration
 q - a chunk of flesh


   Skills:
 - Level 1.0(0.0) Fighting
 + Level 3.6(0.1) Dodging
 + Level 4.7(1.2) Unarmed Combat
 - Level 2.0(0.0) Spellcasting
 - Level 3.3(0.0) Transmutations


You couldn't memorise any spells.
You knew the following spells:

 Your Spells              Type           Power        Failure   Level  Hunger
a - Beastly Appendage     Trmt           #.....       24%         1    ##.....
b - Spider Form           Trmt/Pois      #.........   77%         3    ####...
c - Ice Form              Ice/Trmt       #.......     99%         4    #####..


Dungeon Overview and Level Annotations

Branches:
Dungeon (3/15)

Altars:
Xom

Annotations:
D:3 VortexMagus' ghost, average SpEn


Innate Abilities, Weirdness & Mutations

You cannot wear most types of armour.
You are amphibious.
You can wear up to eight rings at the same time.
You can use your tentacles to constrict many enemies at once.
Your skin changes colour to match your surroundings (Stealth).
Your rubbery body absorbs attacks (AC +1).


Message History

You barely miss VortexMagus' ghost.
VortexMagus' ghost is severely damaged.
VortexMagus' ghost hits you.
You feel drained.
You closely miss VortexMagus' ghost.
VortexMagus' ghost is severely damaged.
VortexMagus' ghost hits you.
* * * LOW HITPOINT WARNING * * *
You feel drained.
* * * LOW HITPOINT WARNING * * *
You barely miss VortexMagus' ghost. Your squeeze misses VortexMagus' ghost.
VortexMagus' ghost is severely damaged.
VortexMagus' ghost hits you.
* * * LOW HITPOINT WARNING * * *
You feel drained.
You closely miss VortexMagus' ghost.
VortexMagus' ghost is severely damaged.
VortexMagus' ghost hits you.
* * * LOW HITPOINT WARNING * * *
You feel drained.
You die...

##################
.................#######
################@W.....#
# #..........######.# #
#.########.######.### #
#.# #..........########
# #.#
#...........(..†...
######.#
#[######W>.....<...
.......# ####.#
#..####.#### ########
#....# #..# #......
#.##########.####
#..###..####


You could see VortexMagus' ghost.

Vanquished Creatures
  Jessica (D:3)
  4 gnolls (D:3)
  4 adders
  3 giant mites
  2 giant geckos
  An ooze (D:2)
  6 orcs (D:3)
  9 giant cockroaches
  16 hobgoblins
  7 jackals (D:3)
  8 kobolds
  2 quokkas (D:2)
  A ball python (D:1)
  10 bats
  4 giant newts
  9 goblins
  10 rats
97 creatures vanquished.

Notes
Turn   | Place    | Note
--------------------------------------------------------------
     0 | D:1      | jacksonaction, the Octopode Transmuter, began the quest for the Orb.
     0 | D:1      | Reached XP level 1. HP: 13/13 MP: 3/3
   176 | D:1      | Reached XP level 2. HP: 9/18 MP: 4/4
   813 | D:1      | Reached XP level 3. HP: 17/23 MP: 6/6
   818 | D:1      | Learned a level 3 spell: Spider Form
  1840 | D:2      | Found a shimmering altar of Xom.
  2120 | D:2      | Reached XP level 4. HP: 26/28 MP: 7/7
  2569 | D:3      | Reached skill level 4 in Unarmed Combat
  2580 | D:3      | Reached XP level 5. HP: 23/33 MP: 3/9
  2833 | D:3      | Noticed VortexMagus' ghost (average SpEn)
  2998 | D:2      | Learned a level 4 spell: Ice Form
  3437 | D:3      | Noticed Jessica
  3446 | D:3      | Killed Jessica
  3909 | D:3      | HP: 1/33 [VortexMagus' ghost (5)]
  3909 | D:3      | Slain by VortexMagus' ghost

Action                   |  1- 3 |  4- 6 || total
-------------------------+-------+-------++-------
Melee: Unarmed           |    89 |   161 ||   250
Throw: Stone             |    21 |     6 ||    27
       Javelin           |     7 |       ||     7
 Cast: Beastly Appendage |    10 |     1 ||    11
       Spider Form       |       |     9 ||     9
 Stab: Sleeping          |     4 |     4 ||     8
  Eat: Chunk             |     4 |     7 ||    11
